Map: Tours du crépuscule

Players

Chronicler

  • Race: Protoss Protoss
  • League: Diamond

Worming - Winner!

  • Race: Zerg Zerg
  • League: Diamond

VOD

Have the link to the VOD?

Description

Time

  • Played on: Dec. 12, 2015, 9:36 a.m.
  • Length: 6:04
Show
View Real Time Build Order
Export as new Build Order

Chronicler Protoss 

Build Orders: 1 Gate Expand 

Get SALT Encoding   

  12  0:01  Probe (Chrono Boost)  
  13  0:11  Probe (Chrono Boost)  
  14  0:17  Pylon  
  14  0:22  Probe (Chrono Boost)  
  16  0:35  Probe (Chrono Boost)  
  16  0:37  Gateway  
  16  0:46  Probe (Chrono Boost)  
  17  0:57  Probe (Chrono Boost)  
  18  1:07  Probe (Chrono Boost)  
  19  1:14  Nexus  
  19  1:21  Assimilator  
  19  1:30  Cybernetics Core  
  19  1:32  Probe (Chrono Boost)  
  20  1:37  Assimilator  
  20  1:43  Probe (Chrono Boost)  
  21  1:53  Probe (Chrono Boost)  
  22  2:04  Probe (Chrono Boost)  
  22  2:05  Pylon  
  22  2:06  Warp Gate (Chrono Boost)  
  23  2:18  Gateway  
  23  2:20  Gateway  
  23  2:22  Pylon  
  23  2:25  Probe  
  23  2:28  Probe  
  25  2:39  Probe (Chrono Boost)  
  27  2:45  Mothership Core (Chrono Boost)  
  27  2:48  Stalker  
  31  2:51  Probe (Chrono Boost)  
  31  3:02  Probe (Chrono Boost)  
  32  3:10  Probe (Chrono Boost)  
  32  3:12  Probe (Chrono Boost)  
  33  3:17  Pylon  
  33  3:21  Probe (Chrono Boost)  
  33  3:22  Probe (Chrono Boost)  
  35  3:27  Twilight Council  
  35  3:32  Probe x2  
  37  3:36  Stalker x2  
  41  3:43  Probe  
  41  3:45  Probe  
  43  3:48  Assimilator  
  43  3:54  Gateway  
  43  3:56  Gateway, Probe  
  43  3:57  Probe  
  45  4:06  Probe  
  45  4:07  Blink (Chrono Boost)  
  45  4:09  Probe  
  47  4:18  Stalker  
  47  4:21  Pylon  
  49  4:26  Stalker  
  49  4:27  Stalker  
  49  4:29  Probe  
  49  4:30  Probe  
  55  4:36  Assimilator  
  55  4:40  Probe, Pylon  
  55  4:42  Stalker  
  55  4:43  Probe  
  59  4:54  Probe  
  59  4:55  Probe  
  60  5:05  Stalker  
  60  5:15  Stalker x2  
  60  5:16  Stalker x2  
  68  5:22  Probe  
  68  5:24  Probe  
  70  5:41  Nexus  
  70  5:43  Pylon  
  70  5:44  Pylon  
  70  5:45  Pylon  
  70  5:46  Pylon  
Show
View Real Time Build Order
Export as new Build Order

Worming Zerg - Winner!

Build Orders: Pool First 

Get SALT Encoding   

  12  0:05  Drone  
  13  0:13  Overlord  
  13  0:17  Drone  
  14  0:32  Drone x2  
  16  0:38  Drone  
  17  0:47  Spawning Pool  
  17  0:49  Drone  
  17  1:12  Hatchery  
  17  1:15  Drone  
  17  1:21  Drone x2  
  19  1:35  Queen  
  19  1:37  Zergling x2  
  22  1:43  Overlord  
  22  1:47  Extractor  
  21  2:03  Hatchery  
  21  2:08  Hatchery  
  20  2:17  Drone x3  
  23  2:26  Drone  
  24  2:35  Drone x2  
  26  2:51  Overlord  
  26  2:52  Drone x4  
  26  2:54  Metabolic Boost  
  30  3:11  Overlord  
  30  3:12  Drone x3  
  32  3:17  Queen  
  34  3:21  Drone x2  
  34  3:24  Drone  
  34  3:26  Drone  
  38  3:33  Overlord  
  38  3:34  Drone x2  
  40  3:42  Overlord  
  40  3:49  Drone  
  40  3:50  Drone x2  
  40  3:51  Drone x5  
  48  3:59  Queen  
  48  4:01  Queen  
  52  4:12  Drone x6  
  52  4:16  Queen  
  60  4:19  Spore Crawler  
  60  4:20  Spore Crawler  
  60  4:23  Spore Crawler  
  57  4:24  Zergling x2  
  57  4:25  Zergling x2  
  57  4:26  Zergling x2  
  60  4:35  Lair, Extractor  
  60  4:36  Extractor  
  58  4:39  Roach Warren  
  57  4:51  Drone x4  
  57  4:52  Drone x2, Overlord x2  
  63  5:02  Zergling x2  
  63  5:03  Zergling x4  
  66  5:11  Zergling x2  
  66  5:12  Zergling x8  
  69  5:16  Evolution Chamber  
  69  5:17  Overlord  
  69  5:18  Zergling x8, Evolution Chamber  
  71  5:23  Spine Crawler  
  71  5:25  Spine Crawler  
  71  5:28  Overlord  
  69  5:29  Zergling x8  
  72  5:41  Zergling x6  
Tags
 
Add a new tag
Caveats
  • Supply blocks, unpowered buildings, or Contaminate may cause inaccurate times.
  • Supply counts are checked every 10 seconds.